Map: [ESL] Inside and Out

Players

SKillous - Winner!

  • Race: Protoss Protoss
  • Spawn Location: 7:00

Krystianer

  • Race: Protoss Protoss
  • Spawn Location: 1:00

Event: DreamHack SC2 Masters 2022 Atlanta (Online)

VOD

Have the link to the VOD?

Description

Time

  • Played on: Sept. 29, 2022, 2:03 p.m.
  • Length: 10:31

All games in this series

Show
View Real Time Build Order
Export as new Build Order

SKillous Protoss - Winner!

Build Orders: Blink Stalkers 

Get SALT Encoding   

  12  0:00  Probe  
  13  0:12  Probe  
  14  0:18  Pylon  
  14  0:24  Probe  
  15  0:36  Gateway  
  15  0:37  Probe (Chrono Boost)  
  16  0:46  Probe (Chrono Boost)  
  16  0:47  Assimilator  
  17  0:51  Probe (Chrono Boost)  
  17  0:57  Assimilator  
  18  1:03  Probe (Chrono Boost)  
  19  1:05  Pylon  
  19  1:12  Probe (Chrono Boost)  
  20  1:25  Cybernetics Core  
  20  1:26  Probe  
  20  1:29  Zealot  
  23  1:38  Probe  
  24  1:50  Probe  
  25  2:00  Stalker (Chrono Boost)  
  25  2:02  Warp Gate  
  25  2:03  Probe  
  25  2:06  Pylon  
  28  2:26  Sentry  
  28  2:27  Nexus  
  28  2:29  Probe  
  31  2:41  Probe  
  31  2:42  Twilight Council  
  30  2:52  Stalker  
  30  2:54  Probe  
  33  3:03  Gateway  
  33  3:06  Probe  
  34  3:13  Blink (Chrono Boost)  
  34  3:19  Probe  
  35  3:32  Gateway  
  36  3:34  Probe (Chrono Boost)  
  36  3:39  Probe (Chrono Boost)  
  39  3:48  Probe x2 (Chrono Boost)  
  39  3:52  Stalker  
  39  3:53  Probe (Chrono Boost)  
  42  3:56  Probe  
  42  3:58  Stalker  
  45  4:05  Robotics Facility, Probe  
  45  4:08  Probe  
  47  4:14  Pylon  
  47  4:15  Stalker  
  49  4:18  Probe  
  49  4:23  Probe  
  51  4:28  Stalker  
  51  4:31  Probe, Assimilator  
  54  4:33  Stalker  
  54  4:35  Probe  
  57  4:41  Stalker  
  57  4:43  Probe  
  60  4:46  Pylon  
  60  4:54  Observer (Chrono Boost)  
  60  4:58  Nexus  
  61  5:00  Probe  
  61  5:04  Probe  
  63  5:08  Observer (Chrono Boost)  
  63  5:12  Probe, Forge  
  65  5:16  Probe, Stalker  
  65  5:19  Stalker  
  70  5:23  Shield Battery  
  70  5:29  Pylon  
  70  5:35  Pylon  
  70  5:41  Protoss Ground Weapons Level 1 (Chrono Boost)  
  70  5:42  Assimilator  
  70  5:43  Robotics Bay  
  70  5:47  Probe (Chrono Boost)  
  72  5:52  Probe (Chrono Boost), Stalker  
  75  5:57  Probe (Chrono Boost)  
  75  6:01  Probe (Chrono Boost)  
  75  6:02  Probe (Chrono Boost)  
  75  6:03  Observer, Pylon  
  78  6:11  Stalker  
  80  6:13  Shield Battery, Probe (Chrono Boost), Stalker  
  80  6:14  Probe (Chrono Boost)  
  80  6:16  Stalker  
  80  6:18  Probe (Chrono Boost)  
  88  6:26  Probe (Chrono Boost)  
  88  6:28  Probe (Chrono Boost)  
  88  6:30  Probe (Chrono Boost)  
  88  6:31  Probe (Chrono Boost)  
  88  6:32  Disruptor, Robotics Facility  
  93  6:35  Probe  
  93  6:38  Probe  
  95  6:41  Probe, Gateway  
  95  6:42  Stalker  
  95  6:44  Stalker  
  100  6:48  Probe  
  100  6:51  Probe  
  100  6:53  Probe  
  100  6:54  Stalker  
  100  7:00  Probe, Gateway  
  103  7:02  Pylon  
  103  7:03  Probe  
  103  7:05  Probe  
  105  7:13  Probe  
  106  7:15  Assimilator  
  106  7:16  Stalker  
  106  7:19  Disruptor, Pylon  
  106  7:20  Pylon  
  106  7:22  Disruptor, Pylon  
  111  7:23  Assimilator  
  111  7:25  Pylon  
  111  7:28  Probe  
  115  7:33  Probe x2  
  114  7:38  Protoss Ground Weapons Level 2  
  114  7:39  Stalker x3  
  114  7:40  Probe  
  119  7:48  Probe (Chrono Boost)  
  120  7:52  Probe (Chrono Boost)  
  120  7:58  Stalker x2, Pylon  
  125  8:02  Probe (Chrono Boost)  
  125  8:03  Probe (Chrono Boost), Stalker x3  
  132  8:07  Probe (Chrono Boost)  
  123  8:15  Nexus  
  123  8:19  Disruptor (Chrono Boost), Observer  
  125  8:21  Disruptor (Chrono Boost)  
  129  8:28  Photon Cannon  
  129  8:29  Photon Cannon  
  129  8:37  Shield Battery  
  129  8:38  Stalker x2  
  133  8:41  Stalker  
  133  8:45  Stalker  
  138  8:48  Probe  
  138  8:49  Disruptor  
  138  8:52  Disruptor (Chrono Boost)  
  142  9:07  Stalker x4  
  146  9:23  Nexus, Warp Prism (Chrono Boost)  
  140  9:29  Photon Cannon  
  142  9:31  Pylon  
  138  9:40  Stalker x4  
  141  9:56  Stalker  
  141  9:58  Gateway  
  143  10:00  Gateway  
  143  10:03  Gateway  
  141  10:10  Stalker x4  
  141  10:11  Probe  
Show
View Real Time Build Order
Export as new Build Order

Krystianer Protoss 

Build Orders: 1 Gate Expand 

Get SALT Encoding   

  12  0:00  Probe  
  13  0:12  Probe  
  14  0:18  Pylon  
  14  0:24  Probe (Chrono Boost)  
  15  0:37  Probe (Chrono Boost)  
  15  0:38  Gateway  
  16  0:45  Probe (Chrono Boost)  
  16  0:46  Assimilator  
  17  0:51  Probe  
  18  1:03  Probe  
  19  1:15  Probe  
  20  1:23  Nexus  
  20  1:33  Cybernetics Core  
  20  1:36  Probe  
  21  1:42  Assimilator  
  21  1:48  Probe  
  21  1:50  Pylon  
  22  2:00  Probe  
  23  2:06  Stalker (Chrono Boost)  
  23  2:09  Warp Gate  
  23  2:12  Probe  
  26  2:24  Gateway  
  26  2:26  Stalker (Chrono Boost)  
  28  2:35  Probe  
  28  2:36  Probe  
  30  2:48  Stalker  
  33  2:52  Probe  
  33  2:56  Robotics Facility  
  33  2:59  Probe  
  34  3:08  Probe  
  34  3:09  Shield Battery  
  34  3:18  Stalker  
  36  3:25  Gateway  
  36  3:28  Probe x2 (Chrono Boost)  
  37  3:38  Probe x2 (Chrono Boost)  
  37  3:39  Twilight Council  
  39  3:43  Probe x2 (Chrono Boost)  
  39  3:44  Observer  
  42  3:54  Probe (Chrono Boost)  
  44  3:57  Stalker  
  44  3:59  Pylon  
  44  4:00  Probe (Chrono Boost)  
  46  4:10  Blink (Chrono Boost)  
  46  4:17  Probe x2  
  46  4:20  Stalker  
  50  4:25  Nexus  
  50  4:29  Probe, Stalker  
  53  4:33  Pylon  
  53  4:35  Probe  
  54  4:47  Pylon  
  54  4:51  Probe  
  54  4:52  Shield Battery, Stalker x2  
  57  4:57  Assimilator  
  57  4:59  Pylon  
  59  5:01  Probe  
  59  5:03  Probe  
  59  5:15  Gateway, Stalker x2  
  59  5:17  Probe  
  59  5:20  Probe (Chrono Boost)  
  65  5:25  Observer  
  65  5:28  Forge  
  65  5:33  Probe (Chrono Boost)  
  67  5:35  Probe (Chrono Boost)  
  67  5:39  Probe (Chrono Boost)  
  67  5:42  Adept x2, Probe (Chrono Boost)  
  72  5:46  Charge (Chrono Boost), Probe x2 (Chrono Boost)  
  72  5:48  Protoss Ground Weapons Level 1 (Chrono Boost)  
  72  5:49  Probe (Chrono Boost)  
  76  5:50  Gateway  
  76  5:51  Probe (Chrono Boost)  
  76  5:54  Probe  
  80  6:05  Stalker x2  
  83  6:14  Probe  
  83  6:15  Gateway  
  83  6:16  Observer, Probe  
  83  6:17  Probe  
  83  6:18  Gateway  
  85  6:23  Stalker  
  87  6:25  Pylon  
  87  6:26  Probe  
  87  6:30  Stalker x2  
  87  6:32  Probe  
  93  6:37  Pylon  
  93  6:43  Probe  
  93  6:45  Nexus  
  94  6:48  Probe  
  93  6:55  Probe  
  93  6:58  Adept x2, Stalker x2  
  100  7:02  Photon Cannon  
  100  7:03  Probe x2  
  102  7:10  Probe  
  102  7:14  Gateway  
  102  7:15  Probe  
  104  7:16  Gateway, Pylon  
  104  7:17  Probe  
  105  7:22  Pylon  
  105  7:24  Probe  
  106  7:30  Probe x2  
  106  7:37  Stalker x2  
  106  7:38  Stalker x3  
  106  7:42  Pylon  
  106  7:43  Stalker  
  118  7:45  Probe  
  118  7:49  Warp Prism (Chrono Boost)  
  117  7:54  Protoss Ground Weapons Level 2  
  119  8:01  Probe  
  119  8:02  Gateway  
  120  8:08  Probe  
  111  8:16  Stalker x5  
  111  8:17  Stalker x2  
  121  8:20  Zealot  
  121  8:22  Probe  
  124  8:30  Gateway  
  124  8:32  Gateway  
  124  8:34  Pylon  
  124  8:36  Probe  
  124  8:41  Probe  
  126  8:46  Warp Prism (Chrono Boost), Gateway  
  126  8:48  Zealot x8  
  128  9:21  Zealot x7  
  128  9:22  Zealot x2, Warp Prism (Chrono Boost)  
  128  9:28  Gateway, Stalker x2  
  128  9:30  Gateway, Photon Cannon x2  
  132  9:33  Gateway  
  100  9:53  Stalker x11  
  100  9:56  Zealot  
  116  10:06  Shield Battery  
  112  10:08  Probe  
  104  10:16  Zealot x5  
  104  10:17  Zealot x2  
  104  10:18  Zealot x2  
  116  10:21  Zealot x2  
Tags
 
Add a new tag
Caveats
  • Supply blocks, unpowered buildings, or Contaminate may cause inaccurate times.
  • Supply counts are checked every 10 seconds.